 Dungeon Crawl Stone Soup version 0.32-a0-675-gdc239d62e1 (webtiles) character file.

Game seed: 4321958525054142239

68 Aldia the Trooper (level 4, -16/48 HPs)
             Began as an Oni Warper on Mar 11, 2024.
             Demolished by Edmund
             ... wielding a +6 dire flail of protection
              (20 damage)
             ... on level 4 of the Dungeon.
             The game lasted 00:02:30 (1374 turns).

Aldia the Trooper (Oni Warper)                      Turns: 1374, Time: 00:02:30

Health: -16/48     AC:  5    Str: 15    XL:     4   Next: 19%
Magic:  5/7        EV:  9    Int: 16    God:
Gold:   86         SH:  0    Dex:  8    Spells: 3/8 levels left

rFire   . . .        a - +0 mace
rCold   . . .        (no shield)
rNeg    . . .        g - +2 robe {Will+}
rPois   .            (helmet restricted)
rElec   .            (no cloak)
rCorr   .            (gloves unavailable)
SInv    .            (boots unavailable)
Will    +....        (no amulet)
Stlth   +            (no ring)
HPRegen 0.28/turn    (no ring)
MPRegen 0.10/turn

%: no passive effects
@: mighty, on blink cooldown, hasted, very quick
A: large, unfitting armour, horns 1, tough skin 1, double potion healing,
drunken brawling
a: no special abilities


You were on level 4 of the Dungeon.
You visited 1 branch of the dungeon, and saw 3 of its levels.

You collected 86 gold pieces.

Inventory:

Hand Weapons
 a - a +0 mace (weapon)
Missiles
 d - 7 darts of dispersal (quivered)
Armour
 g - a +2 robe of willpower (worn)
Scrolls
 c - 2 scrolls of blinking
 e - a scroll of teleportation
 f - a scroll of poison {unknown}
Potions
 h - a potion of haste


   Skills:
 + Level 3.7 Fighting
 * Level 3.5 Maces & Flails
 - Level 1.0 Throwing
 - Level 2.1 Dodging
 + Level 2.5 Spellcasting
 - Level 3.0 Translocations


You had 3 spell levels left.
You knew the following spells:

 Your Spells              Type           Power      Damage    Failure   Level
a - Blink                 Tloc           22%        N/A       9%          2
b - Lesser Beckoning      Tloc           22%        N/A       9%          2
c - Apportation           Tloc           22%        N/A       6%          1

Your spell library contained the following spells:

 Spells                   Type           Power      Damage    Failure   Level
 Teleport Other           Tloc           11%        N/A       17%         3
 Necrotise                Necr           8%         1d4       21%         1
 Shock                    Conj/Air       8%         1d3       21%         1
 Sting                    Conj/Alch      8%         1d3       21%         1
 Summon Small Mammal      Summ           8%         N/A       21%         1
 Swiftness                Air            2%         N/A       52%         3
 Manifold Assault         Tloc           11%        N/A       50%         4
 Vhi's Electric Charge    Tloc/Air       12%        N/A       71%         4
 Airstrike                Air            1%         2d(1-17)  89%         4


Dungeon Overview and Level Annotations

Branches:
Dungeon (4/15)
 Temple: D:4-7

Altars:

Annotations:
D:4 Edmund


Innate Abilities, Weirdness & Mutations

You are too large for most types of armour.
You have a pair of small horns on your head.
You have tough skin. (AC +1)
You gain doubled healing and magic from potions.
Whenever you drink a healing potion, you attack all around you.


Message History

You see here a giant cockroach corpse.
Edmund the Younger comes into view.
He is wielding a +6 dire flail of protection.
Edmund shouts!
You feel yourself speed up.
You hit Edmund but do no damage. You barely miss Edmund.
Edmund hits you but does no damage.
You hit Edmund.
Edmund is lightly wounded.
Edmund hits you with a +6 dire flail of protection!
You hit Edmund.
Edmund is lightly wounded.
Edmund barely misses you.
You hit Edmund.
Edmund is lightly wounded.
Edmund hits you with a +6 dire flail of protection!
You barely miss Edmund. You headbutt Edmund, but do no damage.
Edmund is lightly wounded.
Edmund hits you with a +6 dire flail of protection!
You hit Edmund.
Edmund is moderately wounded.
You hit Edmund but do no damage.
Edmund is moderately wounded.
Edmund hits you with a +6 dire flail of protection!
* * * LOW HITPOINT WARNING * * *
Okay, then.
Cast which spell? (? or * to list)
You blink.
Okay, then.
You see here a +0 leather armour.
You feel very mighty all of a sudden.
Edmund says, "I'm quite good with sums, too."
You hit Edmund.
Edmund is moderately wounded.
Edmund hits you with a +6 dire flail of protection!
* * * LOW HITPOINT WARNING * * *
You hit Edmund.
Edmund is moderately wounded.
Edmund hits you with a +6 dire flail of protection!!
You die...
Edmund says, "That'll show my brother!"

#.# #.#
######.#
##......##
##........##
#..........#
#..........#
#.......[..#
#†....@@...#
#..........#
##>.......##
##.........##.#
#.............#
#.............#
#..........##..
#..........# .
#............


You could see Edmund.

Vanquished Creatures
  Jessica (D:2)
  2 dart slugs
  An endoplasm (D:1)
  2 giant cockroaches
  5 goblins (D:1)
  A hobgoblin (D:1)
  6 jackals (D:1)
  5 kobolds
  A quokka (D:2)
  3 ball pythons (D:1)
  6 bats
  2 frilled lizards (D:1)
  A rat (D:1)
36 creatures vanquished.

Notes
Turn   | Place    | Note
-------+----------+-------------------------------------------
     0 | D:1      | Aldia the Oni Warper began the quest for the Orb.
     0 | D:1      | Reached XP level 1. HP: 22/22 MP: 3/3
    97 | D:1      | Reached XP level 2. HP: 22/31 MP: 5/5
   107 | D:1      | Learned a level 2 spell: Blink
   161 | D:1      | Learned a level 2 spell: Lesser Beckoning
   459 | D:1      | Reached XP level 3. HP: 36/37 MP: 6/6
   682 | D:1      | Found a faded altar of an unknown god.
  1083 | D:2      | Noticed Jessica
  1100 | D:2      | Killed Jessica
  1101 | D:2      | Reached XP level 4. HP: 25/48 MP: 7/7
  1201 | D:2      | Learned a level 1 spell: Apportation
  1335 | D:2      | You fall into a shaft and drop 2 floors!
  1353 | D:4      | Noticed Edmund
  1374 | D:4      | Demolished by Edmund

Illustrated notes

Levels and vault maps discovered:
D:1:      amcnicky_arrival_abandoned_market, layout_loops_ring,
          shapermc_ecumenical_altar_mp_highgroup
D:2:      layout_loops_ring, minmay_misc_feat_rows, uniq_jessica
D:4:      layout_rooms, fedhas_altar_2, uniq_edmund

Skill      XL: |  1  2  3 |
---------------+----------+-----
Fighting       | 3 |  3.7
Maces & Flails | 3 |  3.5
Translocations | 3 |  3.0
Throwing       | |  1.0
Dodging        | |  2.1
Spellcasting   | |  2.5

Action                     |  1- 3 |  4- 6 || total
---------------------------+-------+-------++-------
  Melee: Mace              |    93 |    19 ||   112
         Headbutt          |    17 |     1 ||    18
   Cast: Blink             |       |     1 ||     1
    Use: Scroll            |     3 |     1 ||     4
         Potion            |     1 |     2 ||     3
 Armour: Robe              |    84 |    14 ||    98
  Dodge: Dodged            |    59 |     6 ||    65

Table legend: (Time is in decaauts)
 A = Elapsed time spent in this place.
 B = Non-inter-level travel time spent in this place.
 C = Inter-level travel time spent in this place.
 D = Time resting spent in this place.
 E = Time spent auto-exploring this place.
 F = Levels seen in this place.
 G = Mean time per level.
                   A        B        C        D        E       F      G
               +--------+--------+--------+--------+--------+-----+--------+
         Total |   1396 |   1368 |     28 |     64 |    989 |   3 |  465.3 |
       Dungeon |   1396 |   1368 |     28 |     64 |    989 |   3 |  465.3 |
               +--------+--------+--------+--------+--------+-----+--------+

Top non-repeatable levels by time:
     D:1: 950 daAuts
     D:2: 410 daAuts
     D:4: 35 daAuts
